 Dungeon Sprint DCSS version 0.17-a0-1655-g88a8506 (webtiles) character file.

20038 Kidiri the Tortoise (level 12, -1/115 HPs)
             Began as a Minotaur Fighter on Aug 15, 2015.
             Was a High Priest of Okawaru.
             Slain by a rakshasa
             ... wielding a +0 trident
              (10 damage)
             ... in the Dungeon (Sprint IX: "|||||||||||||||||||||||||||||").
             The game lasted 00:13:25 (2431 turns).

Kidiri the Tortoise (Minotaur Fighter)              Turns: 2431, Time: 00:13:25

Health: -1/115     AC: -53   Str: 30    XL:     12   Next: 41%
Magic:  17/17      EV: 14    Int: -2 (5) God:    Okawaru [*****.]
Gold:   1558       SH: 26    Dex:  9    Spells: 0 memorised, 11 levels left

rFire  . . .     SeeInvis .     a - +2 flail
rCold  . . .     Clarity  .     A - +0 plate armour
rNeg   . . .     SustAt   .     l - +1 large shield
rPois  .         Gourm    .     (helmet restricted)
rElec  .         Spirit   .     F - +2 cloak {MR+}
rCorr  .         Warding  .     s - +0 pair of gloves
rMut   .         NoTele   +     y - +0 pair of boots
MR     +....                    (no amulet)
Stlth  ..........               r - +3 ring of strength
                                q - +2 ring of protection

@: heroism, corroded equipment, slowed, lost intelligence, very slow, somewhat
resistant to hostile enchantments, extremely unstealthy
A: retaliatory headbutt, horns 2, camouflage 1, blurry vision 1, low mp 1
a: Heroism, Finesse, Renounce Religion


You were in the Dungeon.
You worshipped Okawaru.
Okawaru was extremely pleased with you.
You were not hungry.

You visited 1 branch You collected 1908 gold pieces.
You spent 350 gold pieces at shops.

Inventory:

Hand weapons
 a - a +2 flail (weapon)
Armour
 l - a +1 large shield (worn)
 s - a +0 pair of gloves (worn)
 y - a +0 pair of boots (worn)
 A - a +0 plate armour (worn)
 F - a +2 cloak of magic resistance (worn)
Jewellery
 q - a +2 ring of protection (left hand)
 r - a +3 ring of strength (right hand)
 C - an uncursed ring of protection from fire
 D - an uncursed ring of see invisible
 E - an uncursed ring of poison resistance
Magical devices
 e - a wand of digging (5)
 p - a wand of cold (5)
Scrolls
 k - 3 scrolls of blinking
 n - 4 scrolls of remove curse
 o - 2 scrolls of amnesia
 t - 3 scrolls of fog
 u - 2 scrolls of identify
 v - a scroll of fear
 G - a scroll of recharging
Potions
 b - a potion of flight
 c - 2 potions of cure mutation
 d - 2 potions of might
 f - 10 potions of curing
 g - 3 potions of heal wounds
 h - a potion of haste
 i - 3 potions of magic
 j - 3 potions of berserk rage
 m - 2 potions of invisibility
 B - a potion of lignification
Comestibles
 w - 40 fruits
 x - 11 bread rations
 z - 12 meat rations


   Skills:
 + Level 13.4(18.4) Fighting
 * Level 17.7(22.7) Maces & Flails
 * Level 17.7(22.7) Armour
 + Level 11.9(16.9) Dodging
 * Level 17.6(22.6) Shields
 + Level 10.8 Invocations


You had 11 spell levels left.
You didn't know any spells.

Dungeon Overview and Level Annotations

Branches:
Dungeon (1/1)

Altars:
Cheibriados
Dithmenos
Elyvilon
Fedhas
Gozag
Kikubaaqudgha
Makhleb
Nemelex Xobeh
Okawaru
Qazlal
Ru
Sif Muna
Trog
Vehumet
Xom
Yredelemnul
Zin
The Shining One
Beogh
Jiyva
Lugonu

Shops:
D !(*(


Innate Abilities, Weirdness & Mutations

You reflexively headbutt those who attack you in melee.
You have a pair of horns on your head.
Your skin changes colour to match your surroundings (Stealth).
Scrolls take you a little longer to read.
Your magical capacity is low (-10% MP).


Message History

The rakshasa weaves an illusion.
The rakshasa shimmers and seems to become two!
Unknown command.
Drink which item? (? for menu, Esc to quit)
You feel much better.
The blink frog blinks!
The rakshasa misses you. You block the rakshasa's attack.
You block the entropy weaver's attack. The entropy weaver hits you.
* * * LOW HITPOINT WARNING * * *
You block the entropy weaver's attack. The entropy weaver hits you.
* * * LOW HITPOINT WARNING * * *
The blink frog blinks!
You block the rakshasa's attack. The entropy weaver hits you!
* * * LOW HITPOINT WARNING * * *
The entropy weaver barely misses you. The entropy weaver hits you!
* * * LOW HITPOINT WARNING * * *
The entropy weaver barely misses you.
Read which item? (? for menu, Esc to quit)
You almost manage to decipher the scroll, but fail in this attempt.
The rakshasa hits you with a trident!
You die...

▓.▓.▓.▓.▓.▓.▓.▓
▓.▓(▓∩▓.▓[▓.▓.▓
▓)▓.▓)▓.▓.▓.▓)▓
▓†▓.▓∩▓.▓.▓.▓)▓
▓F▓)▓)▓.▓.▓.▓)▓
▓p▓.▓∩▓.▓.▓.▓.▓
▓p▓.▓)▓.▓.▓.▓.▓
▓p▓.▓∩▓.▓.▓.▓[▓
▓@▓.▓)▓.▓.▓.▓.▓
▓R▓.▓)▓.▓.▓.▓.▓
▓R▓.▓)▓.▓.▓.▓(▓
▓R▓.▓)▓.▓.▓.▓|▓
▓R▓.▓)▓.▓÷▓.▓.▓
▓R▓.▓)▓.▓.▓.▓.▓
▓.▓.▓)▓.▓)▓.▓'▓
▓.▓(▓)▓.▓.▓.▓_▓
▓.▓(▓)▓.▓.▓.▓_▓


You could see 3 entropy weavers, 5 rakshasas and a blink frog shaped shifter.

Vanquished Creatures
  2 dire elephants (D)
  A hydra (D)
  A centaur warrior (D)
  2 orc high priests (D)
  A deep troll earth mage (D)
  Urug (D)
  Sonja (D)
  4 orc knights (D)
  2 ugly things (D)
  A wolf spider (D)
  8 orc sorcerers (D)
  7 elephants (D)
  2 cyclopes (D)
  Joseph (D)
  2 spiny frogs (D)
  A komodo dragon (shapeshifter) (D)
  A komodo dragon (D)
  A troll (D)
  2 blink frogs (D)
  A wyvern (D)
  A deep elf mage (D)
  Grum (D)
  A hippogriff (D)
  3 wolves (D)
  A water moccasin (D)
  2 porcupines (D)
  6 orc warriors (D)
  3 centaurs (D)
  3 crocodiles (D)
  2 giant frogs (D)
  2 scorpions (D)
  A killer bee (D)
  An orc priest (D)
  8 orc wizards (D)
  An iguana (D)
  A jelly (D)
  A worker ant (D)
  A sheep (D)
  A river rat (D)
  A shadow imp (D)
  14 orcs (D)
  A bat zombie (D)
  A giant cockroach (D)
  A goblin (D)
  A giant newt (D)
  A jackal (D)
  A kobold (D)
  A rat (D)
104 creatures vanquished.

Notes
Turn   | Place    | Note
--------------------------------------------------------------
     0 | D        | Kidiri the Minotaur Fighter began the quest for the Orb.
     0 | D        | Reached XP level 1. HP: 19/19 MP: 0/0
     9 | D        | Reached skill level 4 in Armour
    55 | D        | Noticed a scorpion
    55 | D        | Noticed a scorpion
    60 | D        | Killed a scorpion
    60 | D        | Reached skill level 5 in Armour
    60 | D        | Reached skill level 5 in Shields
    60 | D        | Reached XP level 2. HP: 20/28 MP: 1/1
    60 | D        | Reached XP level 3. HP: 24/34 MP: 2/2
    76 | D        | Killed a scorpion
    76 | D        | Reached skill level 5 in Fighting
    76 | D        | Reached skill level 5 in Maces & Flails
    76 | D        | Reached skill level 6 in Armour
    76 | D        | Reached XP level 4. HP: 30/42 MP: 3/3
    86 | D        | Found a glowing silver altar of Zin.
    86 | D        | Found a glowing golden altar of the Shining One.
    86 | D        | Found an ancient bone altar of Kikubaaqudgha.
    86 | D        | Found a basalt altar of Yredelemnul.
    86 | D        | Found a shimmering altar of Xom.
    86 | D        | Found a radiant altar of Vehumet.
    87 | D        | Found an iron altar of Okawaru.
    88 | D        | Found a burning altar of Makhleb.
    89 | D        | Found a deep blue altar of Sif Muna.
    90 | D        | Found a bloodstained altar of Trog.
    91 | D        | Found a sparkling altar of Nemelex Xobeh.
    92 | D        | Found a white marble altar of Elyvilon.
    93 | D        | Found a roughly hewn altar of Beogh.
    94 | D        | Found a viscous altar of Jiyva.
    95 | D        | Became a worshipper of Warmaster Okawaru
    96 | D        | Found a corrupted altar of Lugonu.
    97 | D        | Found a blossoming altar of Fedhas.
    98 | D        | Found a snail-covered altar of Cheibriados.
    99 | D        | Found a shadowy altar of Dithmenos.
   100 | D        | Found a stormy altar of Qazlal.
   101 | D        | Found an opulent altar of Gozag.
   102 | D        | Found a sacrificial altar of Ru.
   164 | D        | Noticed a centaur
   164 | D        | Noticed a crocodile
   164 | D        | Noticed a jelly
   164 | D        | Noticed a centaur
   169 | D        | Killed a centaur
   169 | D        | Reached skill level 7 in Armour
   169 | D        | Reached skill level 1 in Invocations
   169 | D        | Reached XP level 5. HP: 37/50 MP: 3/5
   171 | D        | Killed a jelly
   175 | D        | Killed a crocodile
   175 | D        | Acquired Okawaru's first power
   175 | D        | Reached skill level 8 in Armour
   175 | D        | Reached XP level 6. HP: 38/58 MP: 3/7
   183 | D        | Killed a centaur
   188 | D        | Reached skill level 9 in Armour
   362 | D        | Noticed a worker ant
   362 | D        | Noticed a red ugly thing
   362 | D        | Noticed a brown ugly thing
   362 | D        | Noticed a cyclops
   362 | D        | Noticed a killer bee
   374 | D        | Killed a cyclops
   374 | D        | Reached skill level 10 in Armour
   374 | D        | Reached skill level 5 in Dodging
   374 | D        | Reached skill level 10 in Shields
   374 | D        | Reached XP level 7. HP: 63/67 MP: 6/9
   386 | D        | Killed a red ugly thing
   386 | D        | Reached skill level 10 in Maces & Flails
   386 | D        | Reached skill level 5 in Invocations
   386 | D        | Reached XP level 8. HP: 69/74 MP: 6/10
   395 | D        | Killed a red ugly thing
   395 | D        | Reached skill level 11 in Maces & Flails
   400 | D        | Killed a killer bee
   404 | D        | Killed a worker ant
   414 | D        | Gained mutation: Scrolls take you a little longer to read. [mutagenic meat]
   415 | D        | Gained mutation: Your magical capacity is low (-10% MP). [mutagenic meat]
   416 | D        | Gained mutation: Your skin changes colour to match your surroundings (Stealth). [mutagenic meat]
   653 | D        | Noticed an eight-headed hydra
   653 | D        | Noticed a water moccasin
   653 | D        | Noticed a porcupine
   653 | D        | Noticed a spiny frog
   653 | D        | Noticed an iguana
   653 | D        | Noticed a crocodile
   655 | D        | Killed a crocodile
   660 | D        | Noticed a hippogriff
   661 | D        | Killed an iguana
   662 | D        | Noticed a spiny frog
   670 | D        | Killed an eight-headed hydra
   670 | D        | Reached skill level 12 in Maces & Flails
   670 | D        | Reached XP level 9. HP: 26/84 MP: 11/11
   675 | D        | Killed a spiny frog
   675 | D        | Acquired Okawaru's second power
   677 | D        | Killed a porcupine
   677 | D        | Received a gift from Okawaru
   680 | D        | Killed a water moccasin
   686 | D        | Killed a hippogriff
   690 | D        | Killed a spiny frog
   690 | D        | Reached skill level 10 in Fighting
   690 | D        | Reached skill level 13 in Armour
   701 | D        | Got a bloodstained great mace {god gift}
   704 | D        | Identified the +9 great mace of Okawaru's Displeasure {distort, *Corrode MP+9 Str+5} (Okawaru gifted it to you in the Dungeon)
   934 | D        | Noticed a blink frog
   934 | D        | Noticed an elephant
   934 | D        | Noticed a crocodile
   934 | D        | Noticed a giant frog
   934 | D        | Noticed a blink frog
   934 | D        | Noticed a komodo dragon
   937 | D        | Noticed a porcupine
   939 | D        | Killed a blink frog
   945 | D        | Killed a komodo dragon
   946 | D        | Noticed a giant frog
   949 | D        | Killed a giant frog
   956 | D        | Killed a crocodile
   963 | D        | Killed a blink frog
   963 | D        | Reached XP level 10. HP: 74/93 MP: 5/12
   966 | D        | Killed an elephant
   969 | D        | Killed a porcupine
   973 | D        | Killed a giant frog
   992 | D        | Noticed an elephant
   992 | D        | Noticed an elephant
   992 | D        | Noticed a dire elephant
   992 | D        | Noticed an elephant
   992 | D        | Noticed a dire elephant
   992 | D        | Noticed an elephant
   993 | D        | Noticed an elephant
  1018 | D        | Killed a dire elephant
  1018 | D        | Reached skill level 14 in Armour
  1020 | D        | Killed an elephant
  1023 | D        | Noticed an elephant
  1032 | D        | Killed a dire elephant
  1037 | D        | Killed an elephant
  1037 | D        | Received a gift from Okawaru
  1046 | D        | Killed an elephant
  1054 | D        | Killed an elephant
  1054 | D        | Reached skill level 15 in Armour
  1061 | D        | Killed an elephant
  1061 | D        | Reached skill level 15 in Shields
  1061 | D        | Reached XP level 11. HP: 51/102 MP: 11/14
  1071 | D        | Killed an elephant
  1071 | D        | Reached skill level 15 in Maces & Flails
  1071 | D        | Reached skill level 10 in Dodging
  1323 | D        | Noticed Joseph
  1343 | D        | Killed Joseph
  1381 | D        | Noticed an orc priest
  1381 | D        | Noticed an orc high priest
  1381 | D        | Noticed an orc wizard
  1385 | D        | Killed an orc wizard
  1389 | D        | Noticed an orc high priest
  1397 | D        | Killed an orc high priest
  1406 | D        | Killed an orc priest
  1407 | D        | Noticed an orc wizard
  1419 | D        | Killed an orc high priest
  1419 | D        | Received a gift from Okawaru
  1425 | D        | Killed an orc wizard
  1469 | D        | Noticed an orc knight
  1469 | D        | Noticed an orc knight
  1469 | D        | Noticed an orc warrior
  1469 | D        | Noticed an orc knight
  1469 | D        | Noticed an orc warrior
  1470 | D        | Noticed an orc knight
  1478 | D        | Killed an orc knight
  1479 | D        | Noticed an orc warrior
  1482 | D        | Noticed an orc warrior
  1494 | D        | Killed an orc knight
  1495 | D        | Noticed an orc sorcerer
  1516 | D        | Killed an orc knight
  1530 | D        | Killed an orc knight
  1530 | D        | Reached skill level 16 in Maces & Flails
  1531 | D        | Noticed an orc warrior
  1532 | D        | Killed an orc warrior
  1544 | D        | Killed an orc sorcerer
  1547 | D        | Killed an orc warrior
  1549 | D        | Killed an orc warrior
  1551 | D        | Killed an orc warrior
  1560 | D        | Killed an orc warrior
  1729 | D        | Found Mafyvaiz's Weapon Boutique.
  1729 | D        | Noticed an orc sorcerer
  1729 | D        | Noticed an orc wizard
  1729 | D        | Noticed an orc wizard
  1729 | D        | Noticed an orc wizard
  1729 | D        | Noticed an orc sorcerer
  1733 | D        | Noticed an orc sorcerer
  1737 | D        | Noticed a sun demon
  1742 | D        | Killed an orc sorcerer
  1742 | D        | Received a gift from Okawaru
  1743 | D        | Found Wode Deu's General Store.
  1744 | D        | Noticed an orc sorcerer
  1744 | D        | Killed an orc wizard
  1746 | D        | Killed an orc wizard
  1747 | D        | Found Tahiol's Antique Weapon Boutique.
  1748 | D        | Noticed an orc sorcerer
  1755 | D        | Killed an orc sorcerer
  1756 | D        | Noticed an orc sorcerer
  1761 | D        | Killed an orc sorcerer
  1761 | D        | Reached skill level 10 in Invocations
  1762 | D        | Found Diexeu's Distillery.
  1762 | D        | Noticed an orc sorcerer
  1763 | D        | Killed an orc wizard
  1776 | D        | Killed an orc sorcerer
  1777 | D        | Noticed an orc wizard
  1782 | D        | Noticed an orc wizard
  1785 | D        | Killed an orc sorcerer
  1789 | D        | Noticed an orc wizard
  1804 | D        | Killed an orc sorcerer
  1809 | D        | Killed an orc sorcerer
  1809 | D        | Reached XP level 12. HP: 109/113 MP: 13/16
  1812 | D        | Killed an orc wizard
  1815 | D        | Killed an orc wizard
  1823 | D        | Killed an orc wizard
  1829 | D        | Bought a potion of curing for 39 gold pieces
  1829 | D        | Bought 2 potions of curing for 78 gold pieces
  1829 | D        | Bought a potion of heal wounds for 65 gold pieces
  1843 | D        | Bought a scroll of identify for 24 gold pieces
  1843 | D        | Bought a potion of invisibility for 96 gold pieces
  1843 | D        | Bought a scroll of identify for 24 gold pieces
  1843 | D        | Bought a scroll of identify for 24 gold pieces
  1907 | D        | Noticed Urug
  1925 | D        | Killed Urug
  1925 | D        | Reached skill level 17 in Armour
  2014 | D        | Noticed a wolf
  2018 | D        | Killed a wolf
  2025 | D        | Noticed Grum
  2026 | D        | Noticed a wolf
  2027 | D        | Noticed a wolf
  2027 | D        | Noticed Sonja
  2035 | D        | Killed Grum
  2038 | D        | Killed a wolf
  2042 | D        | Killed a wolf
  2051 | D        | Killed Sonja
  2311 | D        | Noticed a centaur
  2311 | D        | Noticed a cyclops
  2311 | D        | Noticed a wolf spider
  2311 | D        | Noticed a deep elf mage
  2311 | D        | Noticed a troll
  2311 | D        | Noticed a wyvern
  2317 | D        | Killed a wyvern
  2319 | D        | Noticed an orc warrior
  2325 | D        | Killed a troll
  2326 | D        | Noticed a polar bear
  2329 | D        | Killed a deep elf mage
  2330 | D        | Noticed a centaur warrior
  2337 | D        | Killed a wolf spider
  2338 | D        | Noticed a deep troll earth mage
  2342 | D        | Killed a cyclops
  2348 | D        | Killed a centaur
  2349 | D        | Noticed a rakshasa
  2353 | D        | Noticed a rakshasa
  2356 | D        | Killed an orc warrior
  2359 | D        | Noticed an entropy weaver
  2361 | D        | a polar bear changed into a shapeshifter
  2370 | D        | Killed a centaur warrior
  2401 | D        | Killed a deep troll earth mage
  2401 | D        | Received a gift from Okawaru
  2404 | D        | Lost intelligence.
  2431 | D        | Slain by a rakshasa

Vault maps used:
D:        linesprint

Action                   |  1- 3 |  4- 6 |  7- 9 | 10-12 || total
-------------------------+-------+-------+-------+-------++-------
Melee: Flail             |    27 |    33 |    84 |   422 ||   566
Invok: Heroism           |       |     2 |     3 |     8 ||    13
       Finesse           |       |       |     1 |     5 ||     6
Evoke: Wand              |       |       |       |     2 ||     2
  Use: Potion            |       |       |     3 |     3 ||     6
       Scroll            |       |       |     3 |     2 ||     5
  Eat: Chunk             |       |       |     3 |     1 ||     4
       Bread ration      |       |       |     1 |     1 ||     2
